 Dungeon Crawl Stone Soup version 0.32-a0-35-gd9ff480968 (webtiles) character file.

Game seed: 10995158691639210579

11683 pokeman the Eclecticist (level 11, -6/61 HPs)
             Began as a Deep Elf Hedge Wizard on Jan 23, 2024.
             Was an Elder of Vehumet.
             Mangled by a white ugly thing (51 damage)
             ... on level 10 of the Dungeon.
             The game lasted 00:30:37 (10751 turns).

pokeman the Eclecticist (Deep Elf Hedge Wizard)    Turns: 10751, Time: 00:30:37

Health: -6/61      AC:  9    Str:  7    XL:     11   Next: 52%
Magic:  17/32      EV: 13    Int: 24    God:    Vehumet [****..]
Gold:   574        SH:  0    Dex: 14    Spells: 22/40 levels left

rFire   + . .        L - +0 long sword (elec)
rCold   x . .        (no shield)
rNeg    . . .        T - +0 steam dragon scales
rPois   .            F - +0 helmet
rElec   .            m - +0 cloak
rCorr   .            (no gloves)
SInv    .            p - +0 pair of boots
Will    +....        w - amulet of regeneration
Stlth   ++           W - ring of fire
HPRegen 1.10/turn    (no ring)
MPRegen 0.23/turn

%: no passive effects
@: no status effects
A: no striking features
a: Renounce Religion


You were on level 10 of the Dungeon.
You worshipped Vehumet.
Vehumet was greatly pleased with you.
You visited 2 branches of the dungeon, and saw 11 of its levels.
You also visited: Sewer and Ossuary.

You collected 820 gold pieces.
You spent 246 gold pieces at shops.

Inventory:

Hand Weapons
 q - the +0 dagger of Demonkind {heavy, rC+ Dex+3}
   (You found it on level 2 of the Dungeon)

   Dex+3:     It affects your dexterity (+3).
   rC+:       It protects you from cold.
 L - a +0 long sword of electrocution (weapon)
 M - a +1 war axe of pain
Missiles
 V - a curare-tipped dart
Armour
 b - a +0 kite shield
 m - a +0 cloak (worn)
 p - a +0 pair of boots (worn)
 F - a +0 helmet (worn)
 N - +0 swamp dragon scales
 O - a scarf of shadows
 R - a +2 ring mail of fire resistance
 T - +0 steam dragon scales (worn)
 U - a +1 ring mail of cold resistance
Magical Staves
 o - a staff of conjuration
Jewellery
 w - an amulet of regeneration (around neck)
 W - a ring of fire (left hand)
Wands
 c - a wand of roots (5)
 y - a wand of digging (3)
 C - a wand of light (3)
 G - a wand of paralysis (8)
 H - a wand of flame (11)
 K - a wand of polymorph (23)
Scrolls
 f - a scroll of amnesia {unknown}
 i - 7 scrolls of enchant armour {unknown}
 j - 8 scrolls of teleportation {unknown}
 k - 12 scrolls of identify
 l - a scroll of summoning {unknown}
 n - a scroll of brand weapon {unknown}
 r - 3 scrolls of vulnerability {unknown}
 v - 2 scrolls of fog {unknown}
 x - 4 scrolls of revelation
 D - 5 scrolls of noise
 E - a scroll of blinking
 I - a scroll of enchant weapon {unknown}
 P - a scroll of fear {unknown}
 S - 3 scrolls of silence {unknown}
Potions
 a - 3 potions of curing {unknown}
 d - 2 potions of magic
 e - 4 potions of attraction {unknown}
 g - 4 potions of lignification {unknown}
 h - 3 potions of cancellation {unknown}
 s - 3 potions of might {unknown}
 t - a potion of degeneration {unknown}
 u - 7 potions of haste {unknown}
 z - 2 potions of resistance {unknown}
 A - a potion of experience {unknown}
 B - a potion of invisibility {unknown}
 J - a potion of enlightenment {unknown}
 Q - a potion of berserk rage {unknown}


   Skills:
 + Level 4.1 Fighting
 - Level 5.0 Armour
 - Level 3.0 Dodging
 - Level 3.0 Stealth
 * Level 15.4 Spellcasting
 + Level 10.1 Conjurations
 - Level 1.1 Summonings
 - Level 1.0 Necromancy
 - Level 1.1 Translocations
 + Level 7.2 Fire Magic
 - Level 1.0 Air Magic
 + Level 1.3 Earth Magic
 - Level 1.1 Alchemy
 - Level 1.0 Evocations


You had 22 spell levels left.
You knew the following spells:

 Your Spells              Type           Power      Damage    Failure   Level
a - Magic Dart            Conj           100%       1d8       1%          1
b - Mephitic Cloud        Conj/Alch/Air  38%        N/A       1%          3
c - Call Imp              Summ           46%        N/A       3%          2
d - Blink                 Tloc           46%        N/A       3%          2
e - Foxfire               Conj/Fire      100%       2x1d9     1%          1
f - Flame Wave            Conj/Fire      74%        2d16      1%          4
g - Lee's Rapid Deconstr  Erth           12%        3d8*      13%         5

Your spell library contained the following spells:

 Spells                   Type           Power      Damage    Failure   Level
 Apportation              Tloc           46%        N/A       1%          1
 Necrotise                Necr           92%        1d8       1%          1
 Sting                    Conj/Alch      100%       1d9       1%          1
 Summon Small Mammal      Summ           92%        N/A       1%          1
 Iskenderun's Mystic Bla  Conj/Tloc      45%        2d10      1%          4
 Frozen Ramparts          Ice            36%        1d6       2%          3
 Slow                     Hex            72%        N/A       3%          1
 Cigotuvi's Dreadful Rot  Necr/Alch/Air  46%        N/A       3%          2
 Vampiric Draining        Necr           23%        2d7       6%          3
 Confusing Touch          Hex            18%        N/A       9%          3
 Sigil of Binding         Hex            18%        N/A       9%          3
 Tukima's Dance           Hex            18%        N/A       9%          3
 Leda's Liquefaction      Alch/Erth      12%        N/A       19%         4
 Petrify                  Alch/Erth      24%        N/A       19%         4
 Dimensional Bullseye     Hex/Tloc       10%        N/A       24%         4
 Metabolic Englaciation   Hex/Ice        9%         N/A       63%         5


Dungeon Overview and Level Annotations

Branches:
Dungeon (10/15)            Temple (1/1) D:4            Lair (0/5) D:9
    Orc (0/2) D:9           Sewer (visited)         Ossuary (visited)

Altars:
Ashenzari
Cheibriados
Dithmenos
Elyvilon
Fedhas
Gozag
Hepliaklqana
Kikubaaqudgha
Makhleb
Nemelex Xobeh
Okawaru
Qazlal
Ru
Sif Muna
Trog
Uskayaw
Vehumet
Wu Jian
Xom
Yredelemnul
Zin
The Shining One

Shops:
D:4 ?   D:9 [

Annotations:
D:10 Erica


Message History

The purple ugly thing is engulfed in noxious fumes.
The purple ugly thing bites you!
Your Armour skill increases to level 5!
Your Conjurations skill increases to level 10!
Okay, then.
Unknown command.
Unknown command.
Casting: Flame Wave (safe; 1% risk of failure)
Confirm with . or Enter, or press ? or * to list all spells.
Casting: Flame Wave (safe; 1% risk of failure)
Press: ? - help, Dir - look around, f - activate You feel a surge of power!
A wave of flame ripples out!
The flame wave engulfs the purple ugly thing!
You kill the purple ugly thing!
Vehumet accepts your kill.
You feel your power returning.
The flame wave engulfs the purple ugly thing!!
The purple ugly thing is severely wounded. (Press . to intensify the flame waves.)
The purple ugly thing is engulfed in noxious fumes.
The white ugly thing is engulfed in noxious fumes.
The white ugly thing appears confused.
A howler monkey comes into view.
Your Earth Magic skill increases to level 1!
Unknown command.
A wave of flame ripples out!
The flame wave engulfs the white ugly thing!!
The white ugly thing is heavily wounded.
The flame wave engulfs the purple ugly thing!!
You kill the purple ugly thing!
Vehumet accepts your kill.
The howler monkey howls!
A wave of flame ripples out!
The flame wave engulfs the white ugly thing!!
The white ugly thing is severely wounded.
The white ugly thing is engulfed in noxious fumes.
The white ugly thing pecks you. The white ugly thing freezes you!!!
You feel a terrible chill!
Ouch! That really hurt!
You die...

### ##### ##.## #...## .#
##...###....# ..##
#....#......# #....
#.......#.## #.....##.
#..###☼.#.# #.........
#####[...@u☼#.##.....##.).
###..#.....#§§........... .
#..>....<[.#.○...........###
#........(#§☼.##...!....#.[
#..........h..##...#.u.....
##.....[............u..W...
###....###.###.....###.###
#....## .#..##...## # #...##
.# #..##.##


You could see a white ugly thing (confused) and a howler monkey.

Vanquished Creatures
  Erolcha (D:9)
  A two-headed ogre (D:9)
  3 ugly things (D:10)
  A cyclops (D:10)
  Maggie (D:6)
  A kobold demonologist (D:9)
  A yaktaur (D:10)
  3 trolls
  A hornet (D:9)
  Sigmund (D:3)
  Eustachio (D:6)
  A wraith (D:10)
  3 wyverns (D:9)
  2 steam dragons
  2 yaks (D:9)
  A basilisk (D:9)
  Edmund (D:4)
  A water moccasin (D:9)
  6 orc warriors
  3 ice beasts
  3 black bears
  A sky beast (D:7)
  3 ogres
  3 centaurs
  5 phantoms
  A weeping skull (Ossuary)
  The ghost of pokeman the Magician, an amateur DEHW (D:3)
  An elf zombie (Ossuary)
  A gnoll sergeant (D:9)
  5 kobold brigands
  3 bullfrogs
  4 scorpions
  7 wights
  A burial acolyte (Ossuary)
  12 killer bees
  5 electric eels (D:9)
  A crimson imp (D:8)
  2 human zombies (Ossuary)
  A jelly (D:6)
  2 bombardier beetles
  A gnoll bouda (D:10)
  5 orc priests
  5 hounds
  5 iguanas
  Ijyb (D:4)
  6 orc wizards
  Natasha (thrice) (D:3)
  2 mummies (Ossuary)
  Robin (D:4)
  2 howler monkey zombies (Ossuary)
  13 adders
  5 gnolls
  A shadow imp (D:6)
  2 dart slugs
  2 ribbon worms
  27 orcs
  11 ball pythons
  5 bats
  7 endoplasms
  3 giant cockroaches
  9 goblins
  9 hobgoblins
  3 jackals (D:1)
  3 quokkas
  4 frilled lizards
  11 kobolds
  11 rats
254 creatures vanquished.

Vanquished Creatures (collateral kills)
  3 foxfires
3 creatures vanquished.

Vanquished Creatures (others)
  A kobold (D:6)
  891 foxfires
892 creatures vanquished.

Grand Total: 1149 creatures vanquished

Notes
Turn   | Place    | Note
-------+----------+-------------------------------------------
     0 | D:1      | pokeman the Deep Elf Hedge Wizard began the quest for the
                  | Orb.
     0 | D:1      | Reached XP level 1. HP: 10/10 MP: 7/7
   133 | D:1      | Reached XP level 2. HP: 16/16 MP: 1/9
   544 | D:1      | Reached skill level 5 in Spellcasting
   724 | D:1      | Reached XP level 3. HP: 20/20 MP: 9/11
   728 | D:1      | Learned a level 3 spell: Mephitic Cloud
   731 | D:1      | Learned a level 2 spell: Call Imp
   734 | D:1      | Learned a level 2 spell: Blink
  1274 | D:2      | Found a faded altar of an unknown god.
  1345 | D:2      | Identified the +2 ring mail of the Hall of Blades {Will-
                  | rCorr Str-3 Dex+6}
  1555 | D:2      | Identified the +0 dagger of Demonkind {heavy, rC+ Dex+3}
  1788 | D:3      | Reached skill level 1 in Fighting
  1788 | D:3      | Reached skill level 1 in Armour
  1894 | D:3      | Reached XP level 4. HP: 25/25 MP: 5/13
  2100 | D:3      | Noticed a bullfrog
  2102 | D:3      | Found a runed translucent door.
  2272 | D:3      | Found a blossoming altar of Fedhas.
  2272 | D:3      | Found a shimmering altar of Xom.
  2455 | D:3      | Noticed Sigmund
  2466 | D:3      | Killed Sigmund
  2467 | D:3      | Reached XP level 5. HP: 29/29 MP: 10/15
  2467 | D:3      | Reached XP level 6. HP: 34/34 MP: 10/16
  2643 | D:3      | Noticed pokeman's ghost (amateur DEHW)
  2725 | D:3      | Noticed Natasha
  2730 | D:3      | Killed Natasha
  2731 | D:3      | Reached skill level 6 in Spellcasting
  2802 | D:3      | Noticed Natasha
  2812 | D:3      | Killed Natasha
  2813 | D:3      | Reached skill level 5 in Conjurations
  2917 | D:3      | Noticed Natasha
  2921 | D:3      | Killed Natasha
  3065 | D:4      | Noticed Robin
  3073 | D:4      | Found a glowing drain.
  3078 | Sewer    | Entered a sewer
  3134 | Sewer    | Reached skill level 1 in Evocations
  3306 | Sewer    | Reached skill level 1 in Air Magic
  3306 | Sewer    | Reached skill level 1 in Alchemy
  3381 | Sewer    | Reached skill level 7 in Spellcasting
  3381 | Sewer    | Reached XP level 7. HP: 9/38 MP: 4/19
  4166 | D:4      | Found a staircase to the Ecumenical Temple.
  4175 | Temple   | Entered the Ecumenical Temple
  4187 | Temple   | Became a worshipper of Vehumet
  4234 | D:4      | Noticed Ijyb
  4262 | D:4      | Killed Ijyb
  4343 | D:4      | Noticed Edmund
  4368 | D:4      | Killed Edmund
  4369 | D:4      | Reached skill level 8 in Spellcasting
  4533 | D:4      | Found Cilipec's Magic Scroll Emporium.
  4536 | D:4      | Bought a scroll of revelation for 97 gold pieces
  4536 | D:4      | Bought 2 scrolls of noise for 26 gold pieces
  4536 | D:4      | Bought a scroll of identify for 26 gold pieces
  4536 | D:4      | Bought a scroll of blinking for 97 gold pieces
  4554 | D:4      | Killed Robin
  4661 | D:5      | Entered Level 5 of the Dungeon
  4758 | D:5      | Reached XP level 8. HP: 38/44 MP: 20/22
  5032 | D:5      | Reached skill level 9 in Spellcasting
  5045 | D:5      | Found a sand-covered staircase.
  5082 | Ossuary  | Entered an ossuary
  5082 | Ossuary  | Found a huge runed translucent gate.
  5082 | Ossuary  | Found a huge runed translucent gate.
  5082 | Ossuary  | Found a huge runed translucent gate.
  5082 | Ossuary  | Found a huge runed translucent gate.
  5082 | Ossuary  | Found a huge runed translucent gate.
  5082 | Ossuary  | Found a huge runed translucent gate.
  5082 | Ossuary  | Found a huge runed translucent gate.
  5082 | Ossuary  | Found a huge runed translucent gate.
  5083 | Ossuary  | Found a huge runed translucent gate.
  5083 | Ossuary  | Found a huge runed translucent gate.
  5083 | Ossuary  | Found a huge runed translucent gate.
  5084 | Ossuary  | Found a huge runed translucent gate.
  5084 | Ossuary  | Found a huge runed translucent gate.
  5086 | Ossuary  | Found a huge runed translucent gate.
  5086 | Ossuary  | Found a huge runed translucent gate.
  5105 | Ossuary  | Found a huge runed translucent gate.
  5105 | Ossuary  | Found a huge runed translucent gate.
  5105 | Ossuary  | Found a huge runed translucent gate.
  5105 | Ossuary  | Found a huge runed translucent gate.
  5108 | Ossuary  | Found a huge runed translucent gate.
  5116 | Ossuary  | Found a huge runed translucent gate.
  5117 | Ossuary  | Found a huge runed translucent gate.
  5118 | Ossuary  | Found a huge runed translucent gate.
  5118 | Ossuary  | Found a huge runed translucent gate.
  5118 | Ossuary  | Found a huge runed translucent gate.
  5118 | Ossuary  | Found a huge runed translucent gate.
  5118 | Ossuary  | Found a huge runed translucent gate.
  5118 | Ossuary  | Found a huge runed translucent gate.
  5187 | Ossuary  | Found a huge runed translucent gate.
  5187 | Ossuary  | Found a huge runed translucent gate.
  5188 | Ossuary  | Found a huge runed translucent gate.
  5188 | Ossuary  | Found a huge runed translucent gate.
  5188 | Ossuary  | Found a huge runed translucent gate.
  5188 | Ossuary  | Found a huge runed translucent gate.
  5188 | Ossuary  | Found a huge runed translucent gate.
  5230 | Ossuary  | Reached * piety under Vehumet
  5230 | Ossuary  | Offered knowledge of Foxfire by Vehumet.
  5233 | Ossuary  | Learned a level 1 spell: Foxfire
  5391 | D:5      | Reached skill level 10 in Spellcasting
  5512 | D:5      | Reached skill level 1 in Fire Magic
  6056 | D:3      | Reached XP level 9. HP: 45/49 MP: 23/25
  6093 | D:3      | Killed pokeman's ghost
  6461 | D:6      | Reached skill level 11 in Spellcasting
  6821 | D:6      | Noticed a troll
  6908 | D:6      | Offered knowledge of Searing Ray by Vehumet.
  6909 | D:6      | Reached ** piety under Vehumet
  6918 | D:6      | Killed a troll
  7064 | D:6      | Reached skill level 12 in Spellcasting
  7104 | D:6      | Noticed Eustachio
  7105 | D:6      | Noticed Maggie
  7111 | D:6      | Killed Eustachio
  7127 | D:6      | Killed Maggie
  7419 | D:7      | Reached XP level 10. HP: 56/56 MP: 21/28
  7615 | D:7      | Reached skill level 1 in Necromancy
  7685 | D:7      | Found a white marble altar of Elyvilon.
  7829 | D:7      | Found an iron altar of Okawaru.
  7978 | D:7      | Found a sacrificial altar of Ru.
  8154 | D:8      | Found an ancient bone altar of Kikubaaqudgha.
  8213 | D:8      | Identified the +5 quarterstaff of Ciddayli {freeze, Will+}
  8315 | D:8      | Offered knowledge of Inner Flame by Vehumet.
  8448 | D:8      | Reached skill level 13 in Spellcasting
  8470 | D:8      | Found a burning altar of Makhleb.
  8514 | D:8      | Found a sparkling altar of Nemelex Xobeh.
  8516 | D:8      | Found a glowing silver altar of Zin.
  8520 | D:8      | Found a shadowy altar of Dithmenos.
  8700 | D:8      | Reached skill level 5 in Fire Magic
  8700 | D:8      | Reached *** piety under Vehumet
  9294 | D:9      | Noticed Erolcha
  9299 | D:9      | Killed Erolcha
  9345 | D:9      | Noticed a two-headed ogre
  9351 | D:9      | Killed a two-headed ogre
  9352 | D:9      | Reached skill level 14 in Spellcasting
  9547 | D:9      | Found a staircase to the Lair.
  9580 | D:9      | Offered knowledge of Flame Wave by Vehumet.
  9581 | D:9      | Reached XP level 11. HP: 61/61 MP: 22/31
  9596 | D:9      | Learned a level 4 spell: Flame Wave
  9949 | D:9      | Found a staircase to the Orcish Mines.
  9954 | D:9      | Reached **** piety under Vehumet
  9991 | D:9      | Found Lass's Armour Shoppe.
 10257 | D:10     | Entered Level 10 of the Dungeon
 10285 | D:10     | Noticed Erica
 10285 | D:10     | Noticed an eight-headed hydra
 10382 | D:10     | Identified the +4 shortbow of Glory {heavy, rElec Int+5
                  | Stlth-}
 10382 | D:10     | Noticed a centaur warrior
 10473 | D:10     | Noticed a five-headed hydra
 10537 | D:10     | Reached skill level 15 in Spellcasting
 10584 | D:10     | Offered knowledge of Lee's Rapid Deconstruction by Vehumet.
 10597 | D:9      | Learned a level 5 spell: Lee's Rapid Deconstruction
 10732 | D:10     | Noticed a cyan ugly thing
 10732 | D:10     | Noticed a white ugly thing
 10732 | D:10     | Noticed a purple ugly thing
 10743 | D:10     | Noticed a white ugly thing
 10748 | D:10     | Killed a purple ugly thing
 10749 | D:10     | Reached skill level 5 in Armour
 10749 | D:10     | Reached skill level 10 in Conjurations
 10749 | D:10     | Killed a purple ugly thing
 10750 | D:10     | Reached skill level 1 in Earth Magic
 10750 | D:10     | Killed a purple ugly thing
 10751 | D:10     | Mangled by a white ugly thing

Illustrated notes

Levels and vault maps discovered:
D:1:      eino_arrival_water_star, layout_rooms
D:2:      layout_loops_corners, shapermc_ecumenical_altar_petra,
          hangedman_decor_peaks_small
D:3:      layout_rooms, mainiacjoe_overflow_large_starburst,
          ebering_ghost_sewer_d, uniq_sigmund, uniq_natasha
D:4:      layout_loops_cross, minmay_temple_entry_antechambers,
          mainiacjoe_sewer_entry_somewhere_in_here_1, serial_shops,
          nicolae_shop_rolled_up, minivault_14, supply_closet_lemuel,
          minmay_misc_feat_diagonals, chequers_jeans, uniq_ijyb, uniq_robin,
          uniq_edmund
D:5:      layout_gridville, mainiacjoe_ossuary_entry_dusty_tomb
D:6:      layout_rooms, uniq_eustachio, uniq_maggie
D:7:      layout_rooms, lemuel_tele_altar,
          chequers_temple_overflow_statue_of_worship
D:8:      layout_basic, kiku_gazebo_garden_becter,
          grunt_temple_overflow_diamond, makhleb_grotto_becter,
          palyth_stone_intersect, kennysheep_pointless_box,
          amcnicky_mini_pool_small
D:9:      layout_basic, david_lair_generic,
          kennysheep_orc_monster_closet_entryway, serial_shops,
          kennysheep_mini_moat, minmay_misc_feat_five, uniq_erolcha
D:10:     minmay_the_grid_octo_2x2 [minmay_the_grid_octo_thin_diamonds,
          minmay_the_grid_octo_pinwheel, minmay_the_grid_octo_concentric,
          minmay_the_grid_octo_prize_star], layout_cave_pools, uniq_sonja,
          uniq_erica
Temple:   hellmonk_temple_forest_ring

Skill      XL: |  1  2  3  4  5  6  7  8  9 10 11 |
---------------+----------------------------------+-----
Spellcasting   | 5 7 8 10 12 14 15 | 15.4
Fighting       | 1 2 3 4 |  4.1
Armour         | 1 3 4 5 |  5.0
Conjurations   | 2 4 5 6 7 8 9 10 | 10.1
Stealth        | 3 |  3.0
Dodging        | 3 |  3.0
Evocations     | 1 |  1.0
Air Magic      | 1 |  1.0
Alchemy        | 1 |  1.1
Fire Magic     | 1 4 6 7 |  7.2
Necromancy     | 1 |  1.0
Earth Magic    | 1 |  1.3
Summonings     | |  1.1
Translocations | |  1.1

Action                     |  1- 3 |  4- 6 |  7- 9 | 10-12 || total
---------------------------+-------+-------+-------+-------++-------
  Melee: Dagger            |    10 |    43 |   164 |       ||   217
         Punch             |       |     1 |     5 |       ||     6
         Long sword        |       |       |    12 |    31 ||    43
   Cast: Magic Dart        |    80 |    74 |    83 |     8 ||   245
         Mephitic Cloud    |       |     9 |    20 |    30 ||    59
         Blink             |       |     2 |     2 |     1 ||     5
         Call Imp          |       |       |     8 |       ||     8
         Foxfire           |       |       |   180 |   303 ||   483
         Flame Wave        |       |       |       |     6 ||     6
  Evoke: Wand              |       |       |     6 |       ||     6
   Stab: Confused          |       |     5 |    13 |     2 ||    20
         Invisible         |       |       |     3 |       ||     3
 Armour: Robe              |     9 |    31 |   147 |    27 ||   214
         Steam dragon scal |       |       |       |    37 ||    37
  Dodge: Dodged            |     9 |    25 |   155 |    49 ||   238

Table legend: (Time is in decaauts)
 A = Elapsed time spent in this place.
 B = Non-inter-level travel time spent in this place.
 C = Inter-level travel time spent in this place.
 D = Time resting spent in this place.
 E = Time spent auto-exploring this place.
 F = Levels seen in this place.
 G = Mean time per level.
                   A        B        C        D        E       F      G
               +--------+--------+--------+--------+--------+-----+--------+
         Total |  10920 |  10426 |    494 |    278 |   7817 |  13 |  840.0 |
       Dungeon |  10141 |   9668 |    473 |    278 |   7362 |  10 | 1014.1 |
        Temple |     23 |      2 |     21 |      0 |      0 |   1 |   23.0 |
         Sewer |    480 |    480 |      0 |      0 |    347 |   1 |  480.0 |
       Ossuary |    274 |    274 |      0 |      0 |    108 |   1 |  274.0 |
               +--------+--------+--------+--------+--------+-----+--------+

Top non-repeatable levels by time:
     D:9: 1493 daAuts
     D:3: 1425 daAuts
     D:4: 1271 daAuts
     D:5: 1148 daAuts
     D:6: 1124 daAuts
     D:8: 986 daAuts
     D:1: 902 daAuts
     D:2: 881 daAuts
     D:7: 720 daAuts
   Sewer: 480 daAuts
 Ossuary: 274 daAuts
    D:10: 186 daAuts
  Temple: 23 daAuts
